 Dungeon Sprint DCSS version 0.22.1-1-ga44c0e56f4 (webtiles) character file.

966 MuseOD the Covert (level 7, -4/42 HPs)
             Began as a Spriggan Enchanter on Sept 22, 2018.
             Was a Follower of Dithmenos.
             Slain by a polar bear (6 damage)
             ... in the Dungeon (Sprint II: "The Violet Keep of Menkaure").
             The game lasted 00:01:31 (367 turns).

MuseOD the Covert (Spriggan Enchanter)               Turns: 367, Time: 00:01:32

Health: -4/42      AC:  2    Str:  4    XL:     7   Next: 93%
Magic:  2/12       EV: 18    Int: 18    God:    Dithmenos [*.....]
Gold:   729        SH:  0    Dex: 17    Spells: 2/11 levels left

rFire    . . .     SeeInvis +   a - +1 dagger
rCold    . . .     Gourm    .   (shield restricted)
rNeg     . . .     Faith    .   b - +0 robe
rPois    .         Spirit   .   (helmet restricted)
rElec    .         Reflect  .   (no cloak)
rCorr    .         Harm     .   (gloves unavailable)
MR       +....     NoTele   +   (boots unavailable)
Stlth    +++.......             (no amulet)
HPRegen  0.14/turn              (no ring)
MPRegen  0.13/turn              (no ring)

@: wreathed by umbra, slow
A: very small, unfitting armour, see invisible, herbivore, speed 3, slow
metabolism 2
a: Renounce Religion


You were in the Dungeon.
You worshipped Dithmenos.
Dithmenos was aware of your devotion.
You were not hungry.

You visited 1 branch You collected 729 gold pieces.

Inventory:

Hand Weapons
 a - a +1 dagger (weapon)
Armour
 b - a +0 robe (worn)
Scrolls
 j - a scroll of blinking
Potions
 g - a potion of haste
 h - a potion of magic
Comestibles
 d - a ration


   Skills:
 + Level 7.2 Fighting
 * Level 13.0 Short Blades
 - Level 3.0 Dodging
 + Level 13.6 Stealth
 - Level 2.6 Spellcasting
 - Level 3.6 Hexes


You had 2 spell levels left.
You knew the following spells:

 Your Spells              Type           Power        Failure   Level  Hunger
a - Corona                Hex            ###....      3%          1    #......
b - Ensorcelled Hibernat  Hex/Ice        #.....       12%         2    ##.....
c - Confuse               Hex            ###.....     12%         3    ###....
d - Dazzling Spray        Conj/Hex       #.....       24%         3    ###....

Your spell library contained the following spells:

 Spells                   Type           Power        Failure   Level  Hunger
 Tukima's Dance           Hex            ###.....     12%         3    ###....


Dungeon Overview and Level Annotations

Branches:
Dungeon (1/1)

Altars:
Cheibriados
Dithmenos
Elyvilon
Fedhas
Gozag
Hepliaklqana
Kikubaaqudgha
Makhleb
Nemelex Xobeh
Okawaru
Qazlal
Ru
Sif Muna
Trog
Uskayaw
Vehumet
Wu Jian
Xom
Yredelemnul
Zin
The Shining One
Beogh
Jiyva
Lugonu


Innate Abilities, Weirdness & Mutations

You are very small and have problems with some larger weapons.
You are too small for most types of armour.
You have supernaturally acute eyesight. (SInv)
You are a herbivore.
You cover ground extremely quickly.
You need to consume almost no food.


Message History

The polar bear misses you.
Your unstable footing causes you to fumble your attack.
The polar bear goes berserk!
The polar bear completely misses you. The polar bear closely misses you.
The polar bear claws you.
Found ten items.
You catch the helpless polar bear completely off-guard!
You impale the polar bear!!
You kill the polar bear!
Dithmenos accepts your kill.
You are shrouded in an aura of darkness!
Your Fighting skill increases to level 7!
Your Short Blades skill increases to level 13!
The polar bear misses you. The polar bear claws you.
The polar bear barely misses you.
Found six items.
You see here a polar bear corpse.
The polar bear bites you!
* * * LOW HITPOINT WARNING * * *
The polar bear misses you. The polar bear claws you.
You die...

. .#### +.### [▓?$$!)?!=
...# ...# ##▓?$!))[((
##..## #..# $#▓$%!?$??%
.##..# +..# .#▓!?!(??%$
..#..# #..# y#▓??$!$(%$
##'..####..##.#▓%$%$$!=%
..#....###...##▓▓▓▓▓▓▓+▓
.##...§..≈≈≈≈≈≈h@≈≈≈≈≈..
##≈≈.§§..§#'########+###
≈≈≈≈§≈§..≈#....._..#≈≈≈#
≈≈≈≈§≈≈≈.≈#...._._.#≈≈§§
≈≈≈≈§§§≈≈≈#..._._._#t§§§
≈≈≈≈§≈≈≈≈≈#.._._._.#≈§t§
#≈§≈§≈≈≈≈≈#._._._._#§§§§
##≈≈≈###≈≈#_._._._.#§§≈
#§§#._._._._#§§


You could see a polar bear (berserk) and 2 crocodiles.

Vanquished Creatures
  A merfolk siren (D)
  A yaktaur (D)
  2 polar bears (D)
  4 worker ants (D)
  2 worms (D)
10 creatures vanquished.

Vanquished Creatures (others)
  A crocodile (D)
1 creature vanquished.

Grand Total: 11 creatures vanquished

Notes
Turn   | Place    | Note
-------+----------+-------------------------------------------
     0 | D        | MuseOD the Spriggan Enchanter began the quest for the Orb.
     0 | D        | Reached XP level 1. HP: 9/9 MP: 5/5
     1 | D        | Noticed a worker ant
     1 | D        | Noticed a worker ant
    13 | D        | Killed a worker ant
    13 | D        | Reached XP level 2. HP: 14/15 MP: 6/6
    17 | D        | Killed a crocodile
    20 | D        | Reached skill level 5 in Short Blades
    20 | D        | Reached XP level 3. HP: 5/19 MP: 8/8
    90 | D        | Learned a level 2 spell: Ensorcelled Hibernation
    94 | D        | Learned a level 3 spell: Confuse
   195 | D        | Noticed a merfolk siren
   210 | D        | Killed a merfolk siren
   210 | D        | Reached skill level 5 in Fighting
   210 | D        | Reached skill level 10 in Short Blades
   210 | D        | Reached XP level 4. HP: 3/28 MP: 6/9
   210 | D        | Reached XP level 5. HP: 3/32 MP: 6/10
   210 | D        | Reached XP level 6. HP: 4/36 MP: 6/11
   215 | D        | Learned a level 3 spell: Dazzling Spray
   324 | D        | Found a blossoming altar of Fedhas.
   325 | D        | Found a white marble altar of Elyvilon.
   326 | D        | Found a shadowy altar of Dithmenos.
   326 | D        | Found a corrupted altar of Lugonu.
   326 | D        | Found an opulent altar of Gozag.
   326 | D        | Found a burning altar of Makhleb.
   327 | D        | Found a snail-covered altar of Cheibriados.
   327 | D        | Found an ancient bone altar of Kikubaaqudgha.
   327 | D        | Found a bloodstained altar of Trog.
   328 | D        | Found a roughly hewn altar of Beogh.
   328 | D        | Found a viscous altar of Jiyva.
   328 | D        | Found a deep blue altar of Sif Muna.
   329 | D        | Found a hazy altar of Hepliaklqana.
   329 | D        | Found a sacrificial altar of Ru.
   330 | D        | Found a shimmering altar of Xom.
   331 | D        | Found a stormy altar of Qazlal.
   331 | D        | Found an ornate altar of the Wu Jian Council.
   331 | D        | Found a sparkling altar of Nemelex Xobeh.
   331 | D        | Found a hide-covered altar of Uskayaw.
   331 | D        | Found a basalt altar of Yredelemnul.
   331 | D        | Found a glowing golden altar of the Shining One.
   331 | D        | Noticed a hornet
   331 | D        | Noticed a polar bear
   332 | D        | Found a radiant altar of Vehumet.
   332 | D        | Found an iron altar of Okawaru.
   332 | D        | Found a glowing silver altar of Zin.
   332 | D        | Noticed a yaktaur
   335 | D        | Became a worshipper of Dithmenos the Shadowed
   338 | D        | Noticed a polar bear
   338 | D        | Noticed a polar bear
   347 | D        | Killed a yaktaur
   347 | D        | Reached XP level 7. HP: 20/40 MP: 5/12
   349 | D        | Killed a polar bear
   365 | D        | Killed a polar bear
   365 | D        | Reached * piety under Dithmenos
   367 | D        | HP: 2/42 [polar bear (15)]
   367 | D        | Slain by a polar bear

Skill      XL: |  1  2  3  4  5  6  7 |
---------------+----------------------+-----
Fighting       | 2 5 6 7 |  7.2
Short Blades   | 4 5 10 11 13 | 13.0
Stealth        | 6 7 11 12 13 | 13.6
Dodging        | |  3.0
Spellcasting   | |  2.6
Hexes          | |  3.6

Action                   |  1- 3 |  4- 6 |  7- 9 || total
-------------------------+-------+-------+-------++-------
Melee: Dagger            |    27 |     9 |     8 ||    44
 Cast: Confuse           |     1 |     2 |     6 ||     9
  Use: Potion            |     2 |       |     2 ||     4
 Stab: Confused          |     3 |     1 |     3 ||     7
       Sleeping          |       |     4 |       ||     4
Armor: Robe              |       |       |     1 ||     1
Dodge: Dodged            |    10 |     3 |    24 ||    37
